 Dungeon Crawl Stone Soup version 0.18.1-8-gdd0e5ea (webtiles) character file.

185 eoe the Skirmisher (level 5, -3/44 HPs)
             Began as a Demonspawn Assassin on June 1, 2016.
             Slain by a gnoll
             ... wielding a +0 halberd
              (13 damage)
             ... on level 3 of the Dungeon.
             The game lasted 00:25:41 (3047 turns).

eoe the Skirmisher (Demonspawn Assassin)            Turns: 3047, Time: 00:25:42

Health: -3/44      AC:  7    Str: 12    XL:     5   Next: 37%
Magic:  5/5        EV: 10    Int: 13    God:
Gold:   145        SH:  0    Dex: 14    Spells: 0 memorised, 4 levels left

rFire  . . .     SeeInvis .     a - +1 short sword (elec)
rCold  . . .     Gourm    .     c - +0 robe
rNeg   . . .     Faith    .     (no shield)
rPois  .         Spirit   .     p - +0 helmet
rElec  .         Dismiss  .     d - +0 cloak
rCorr  .         Reflect  .     (no gloves)
SustAt .         Harm     .     (no boots)
MR     .....                    (no amulet)
Stlth  ++........               (no ring)
                                (no ring)

@: not resistant to hostile enchantments, unstealthy
A: hooves 1, molten scales 2, demonic guardian 1
a: no special abilities


You were on level 3 of the Dungeon.
You were not hungry.

You visited 1 branch of the dungeon, and saw 3 of its levels.

You collected 145 gold pieces.

Inventory:

Hand Weapons
 a - a +1 short sword of electrocution (weapon)
 b - a +0 blowgun
 h - a +2 dagger
 u - a +0 dagger of electrocution
 v - a cursed -3 dagger
Missiles
 e - 37 poisoned needles
 f - 2 curare-tipped needles
Armour
 c - a +0 robe (worn)
 d - a +0 cloak (worn)
 p - a +0 helmet (worn)
Jewellery
 t - an uncursed ring of protection from magic {unknown}
Scrolls
 g - 2 scrolls of fear {unknown}
 i - 2 scrolls of enchant armour {unknown}
 m - a scroll of teleportation {unknown}
 s - a scroll of identify {unknown}
Potions
 j - 4 potions of brilliance {unknown}
 l - a potion of lignification {unknown}
 n - 4 potions of flight {unknown}
 q - a potion of might {unknown}
 w - a potion of curing {unknown}
Comestibles
 k - a slice of pizza
 o - a meat ration
 r - a beef jerky


   Skills:
 * Level 5.3 Fighting
 - Level 1.7 Short Blades
 - Level 2.0 Throwing
 - Level 0.8 Dodging
 - Level 4.0 Stealth


You had 4 spell levels left.
You didn't know any spells.

Dungeon Overview and Level Annotations

Branches:
Dungeon (3/15)

Altars:


Innate Abilities, Weirdness & Mutations

You have large cloven feet.
You are mostly covered in molten scales (AC +3, EV -1).
A weak demonic guardian rushes to your aid.


Message History

An orc comes into view. It is wielding a morningstar.
You hit the gnoll. You kick the gnoll, but do no damage.
The gnoll is heavily wounded.
The gnoll closely misses you. The gnoll hits you with a spear!
Your iron imp hits the gnoll.
You hit the gnoll.
There is a sudden explosion of sparks!
You kill the gnoll!
The gnoll looks more healthy.
The gnoll barely misses you.
An orc comes into view. It is wielding a mace.
You hit the orc.
The orc is moderately wounded.
Your iron imp disappears in a puff of smoke!
The orc closely misses you.
The gnoll hits you from afar with a halberd!
* * * LOW HITPOINT WARNING * * *
You closely miss the orc.
The orc is moderately wounded.
The orc hits you but does no damage.
The gnoll hits you from afar with a halberd!
You die...

#....# #.# #.#
###....#### #.# #.#
#.........###.# #.# #
#...........#.# #.# #.
#......)..#.#.# #.#
.#.####.........#.#.###.#
..................#..)..#
#.........)##############
#......o@..#
#......)ยง..#
#......g...# #....o(#####
+...... +...(o. #..(..g
#.....( #......


You could see a gnoll and 3 orcs.

Vanquished Creatures
  An orc priest (D:3)
  2 gnolls (D:3)
  6 adders (D:2)
  2 dart slugs
  4 giant geckos
  5 orcs
  3 bats
  A giant cockroach (D:1)
  5 hobgoblins
  5 jackals
  2 quokkas (D:2)
  3 ball pythons
  3 giant newts (D:2)
  3 goblins
  8 kobolds
  10 rats
63 creatures vanquished.

Vanquished Creatures (collateral kills)
  A gnoll (D:3)
  5 orcs (D:3)
  A giant cockroach (D:3)
7 creatures vanquished.

Grand Total: 70 creatures vanquished

Notes
Turn   | Place    | Note
--------------------------------------------------------------
     0 | D:1      | eoe the Demonspawn Assassin began the quest for the Orb.
     0 | D:1      | Reached XP level 1. HP: 16/16 MP: 1/1
   359 | D:1      | Gained mutation: A weak demonic guardian rushes to your aid. [demonic ancestry]
   359 | D:1      | Reached XP level 2. HP: 19/23 MP: 2/2
   777 | D:1      | Reached skill level 3 in Fighting
  1004 | D:2      | Gained mutation: You are partially covered in molten scales (AC +1). [demonic ancestry]
  1004 | D:2      | Reached XP level 3. HP: 29/29 MP: 3/3
  1332 | D:2      | Reached skill level 4 in Fighting
  1332 | D:2      | Gained mutation: You are mostly covered in molten scales (AC +3, EV -1). [demonic ancestry]
  1332 | D:2      | Reached XP level 4. HP: 30/37 MP: 4/4
  2842 | D:3      | Reached skill level 5 in Fighting
  2842 | D:3      | Gained mutation: You have large cloven feet. [demonic ancestry]
  2842 | D:3      | Reached XP level 5. HP: 27/44 MP: 5/5
  3047 | D:3      | Slain by a gnoll

Skill      XL: |  1  2  3  4 |
---------------+-------------+-----
Fighting       | 3 4 5 |  5.3
Stealth        | 4 |  4.0
Throwing       | 2 |  2.0
Short Blades   | |  1.7
Dodging        | |  0.8

Action                   |  1- 3 |  4- 6 || total
-------------------------+-------+-------++-------
Melee: Dagger            |    17 |       ||    17
       Short sword       |    36 |    68 ||   104
       Kick              |       |     1 ||     1
 Fire: Blowgun           |    28 |    56 ||    84
 Stab: Sleeping          |       |     2 ||     2
  Eat: Chunk             |     1 |     1 ||     2
       Bread ration      |       |     1 ||     1
Armor: Robe              |    13 |    44 ||    57
Dodge: Dodged            |    37 |    54 ||    91
